Map: Year Zero LE

Players

PtitDrogo

  • Race: Protoss Protoss
  • League: Grandmaster
  • Spawn Location: 1:00

Reynor - Winner!

  • Race: Zerg Zerg
  • League: Master
  • Spawn Location: 11:00

Event: 2019 WCS Winter Europe

VOD

Have the link to the VOD?

Description

Time

  • Played on: March 23, 2019, 11 a.m.
  • Length: 10:37

All games in this series

Show
View Real Time Build Order
Export as new Build Order

PtitDrogo Protoss 

Build Orders: 1 Gate Expand, Oracle Opening, Zealot Archon 

Get SALT Encoding   

  12  0:00  Probe  
  13  0:12  Probe  
  14  0:19  Pylon  
  14  0:25  Probe  
  15  0:29  Assimilator  
  15  0:35  Probe  
  16  0:44  Probe, Gateway  
  17  0:54  Probe  
  18  1:06  Probe  
  19  1:18  Probe  
  20  1:26  Nexus  
  20  1:36  Cybernetics Core  
  20  1:39  Probe  
  21  1:44  Assimilator  
  21  1:51  Probe  
  22  1:54  Pylon  
  22  2:02  Adept  
  22  2:03  Probe  
  23  2:15  Probe  
  26  2:18  Stargate  
  26  2:27  Probe  
  26  2:28  Warp Gate  
  27  2:34  Stalker, Probe  
  27  2:36  Probe  
  29  2:42  Probe  
  31  2:44  Probe  
  33  2:52  Probe  
  33  2:53  Oracle  
  33  2:55  Probe  
  35  3:04  Probe  
  39  3:07  Probe  
  39  3:12  Pylon  
  40  3:16  Probe  
  40  3:19  Probe  
  42  3:25  Robotics Facility  
  42  3:28  Assimilator  
  42  3:30  Probe  
  42  3:31  Assimilator  
  42  3:33  Probe  
  44  3:39  Probe  
  44  3:44  Twilight Council  
  44  3:45  Pylon  
  44  3:46  Probe  
  44  3:47  Probe  
  47  3:56  Probe  
  47  3:58  Probe  
  47  4:00  Forge  
  49  4:07  Gateway  
  49  4:09  Probe  
  50  4:10  Probe  
  50  4:13  Protoss Ground Weapons Level 1  
  50  4:14  Observer  
  50  4:16  Zealot  
  54  4:21  Probe  
  54  4:22  Probe, Templar Archives  
  56  4:31  Gateway x2  
  56  4:38  Probe  
  56  4:44  Probe  
  58  4:48  Pylon  
  58  4:51  Probe  
  59  4:57  Nexus  
  59  4:58  Probe  
  60  5:04  Probe  
  60  5:06  Pylon  
  61  5:07  Pylon  
  61  5:10  Probe  
  62  5:16  Probe  
  61  5:23  Probe  
  61  5:24  Nexus  
  61  5:25  Zealot  
  61  5:26  Pylon  
  64  5:29  High Templar  
  64  5:30  Zealot, High Templar  
  64  5:34  Archon  
  64  5:35  Probe  
  71  5:39  Probe  
  72  5:43  Pylon  
  72  5:46  Assimilator  
  72  5:47  Immortal, Probe  
  72  5:48  Charge, Assimilator  
  77  5:51  Probe, Protoss Ground Weapons Level 2  
  77  5:54  Psionic Storm  
  77  5:56  High Templar  
  80  5:57  High Templar  
  80  6:02  Probe  
  83  6:09  Gateway  
  83  6:10  Gateway  
  83  6:13  Probe  
  83  6:14  Probe  
  85  6:28  Gateway  
  85  6:29  Gateway  
  85  6:30  High Templar  
  87  6:35  Probe  
  87  6:38  Probe x2  
  90  6:40  Immortal  
  90  6:47  Probe  
  90  6:48  High Templar  
  90  6:50  Probe x2  
  90  6:54  Pylon x2  
  99  6:58  Pylon  
  99  7:00  Phoenix  
  101  7:11  Probe  
  101  7:12  Photon Cannon  
  101  7:14  Pylon  
  101  7:15  Photon Cannon  
  102  7:17  Photon Cannon  
  102  7:18  Zealot x2  
  102  7:22  Phoenix  
  108  7:28  Photon Cannon  
  108  7:31  High Templar x2  
  108  7:35  Archon  
  108  7:36  Stalker  
  112  7:39  Stalker x3  
  112  7:44  Photon Cannon  
  116  7:45  Phoenix  
  116  7:46  Stalker  
  119  7:54  Probe  
  112  8:03  Phoenix  
  112  8:08  Probe  
  112  8:09  Probe  
  116  8:13  Warp Prism  
  118  8:22  Pylon  
  118  8:24  Nexus  
  118  8:28  Pylon  
  118  8:30  Pylon  
  118  8:31  High Templar x2  
  118  8:32  Pylon  
  122  8:36  Archon  
  122  8:38  Probe  
  119  8:42  High Templar x2  
  119  8:43  Zealot x4  
  119  8:46  Archon  
  131  8:52  Probe x2  
  133  8:55  Warp Prism  
  127  9:15  Zealot x7  
  141  9:23  Probe  
  142  9:29  Zealot  
  144  9:31  Photon Cannon  
  136  9:51  Pylon  
  136  9:52  Zealot x3  
  137  9:54  Pylon x2  
  137  9:56  Pylon x2  
  137  9:58  Probe  
  123  10:08  High Templar x5  
  123  10:11  Archon  
  123  10:12  Archon  
  123  10:13  High Templar x3  
  135  10:17  Archon x2  
  133  10:25  Archon  
Show
View Real Time Build Order
Export as new Build Order

Reynor Zerg - Winner!

Build Orders: Hatch First, Muta Ling Bane 

Get SALT Encoding   

  12  0:00  Drone  
  13  0:13  Overlord  
  13  0:17  Drone  
  14  0:31  Drone x2  
  16  0:36  Drone  
  17  0:53  Hatchery  
  17  0:56  Drone  
  17  1:01  Drone  
  18  1:10  Extractor  
  17  1:16  Spawning Pool  
  16  1:19  Drone  
  16  1:23  Drone  
  18  1:28  Drone  
  19  1:46  Drone  
  20  1:56  Hatchery  
  19  2:03  Drone x2  
  19  2:07  Queen  
  23  2:11  Drone  
  23  2:13  Drone  
  25  2:24  Queen  
  25  2:29  Overlord  
  27  2:34  Metabolic Boost  
  27  2:37  Zergling x2  
  27  2:41  Extractor  
  27  2:42  Zergling x2  
  29  2:49  Drone x2  
  29  2:50  Drone  
  32  2:52  Overlord  
  32  2:54  Drone  
  33  2:59  Drone  
  33  3:04  Queen  
  36  3:10  Zergling x2  
  36  3:11  Drone x2  
  39  3:16  Drone x2  
  39  3:17  Drone  
  42  3:20  Drone  
  42  3:22  Overlord  
  42  3:24  Zergling x2  
  44  3:27  Drone  
  44  3:31  Drone  
  44  3:33  Drone x2  
  48  3:35  Spore Crawler  
  48  3:36  Drone  
  48  3:37  Drone  
  49  3:43  Queen  
  49  3:45  Drone  
  49  3:47  Drone  
  53  3:49  Drone  
  53  3:52  Spore Crawler  
  53  3:54  Overlord  
  51  3:58  Drone  
  51  4:01  Drone  
  52  4:04  Spore Crawler  
  52  4:05  Drone  
  52  4:07  Drone  
  52  4:08  Drone  
  54  4:11  Zergling x4  
  54  4:13  Drone  
  59  4:17  Drone x2  
  59  4:18  Zergling x2  
  59  4:20  Zergling x2  
  59  4:21  Drone  
  62  4:24  Overlord  
  62  4:27  Drone  
  62  4:28  Drone  
  62  4:29  Drone  
  65  4:33  Lair  
  65  4:36  Drone  
  65  4:38  Overlord  
  66  4:41  Overlord  
  66  4:43  Drone x2  
  66  4:44  Drone  
  69  4:46  Extractor, Drone  
  69  4:49  Queen  
  69  4:51  Drone  
  69  4:52  Drone  
  73  4:54  Overlord  
  73  5:01  Drone  
  73  5:03  Zergling x12  
  73  5:06  Extractor x2  
  78  5:12  Overlord, Drone  
  78  5:13  Roach Warren  
  77  5:18  Overlord  
  77  5:19  Drone x2  
  80  5:22  Overlord  
  80  5:23  Drone  
  80  5:28  Overlord  
  80  5:31  Hydralisk Den, Drone  
  80  5:32  Drone x3  
  80  5:33  Evolution Chamber  
  80  5:35  Drone x3  
  86  5:38  Extractor  
  86  5:40  Extractor  
  86  5:41  Drone x3  
  86  5:42  Spire  
  84  5:46  Overseer  
  84  5:48  Drone x2  
  86  5:53  Drone x5  
  86  5:54  Drone x2  
  86  5:56  Overlord  
  92  6:00  Grooved Spines  
  92  6:04  Overlord  
  92  6:08  Baneling Nest  
  91  6:13  Hatchery  
  90  6:20  Zerg Melee Weapons Level 1  
  90  6:28  Overlord  
  89  6:41  Overlord  
  88  6:49  Extractor  
  88  6:52  Extractor  
  88  6:54  Mutalisk x7  
  88  6:55  Mutalisk  
  88  6:57  Zergling x28  
  88  7:00  Overlord  
  116  7:09  Hydralisk x3  
  122  7:18  Hydralisk x2  
  122  7:20  Hydralisk x2  
  122  7:21  Zergling x8  
  134  7:26  Overlord  
  134  7:29  Centrifical Hooks  
  133  7:31  Hydralisk  
  133  7:32  Zergling x2  
  136  7:42  Drone  
  136  7:43  Drone x6  
  142  7:46  Hydralisk  
  144  7:56  Overlord  
  139  8:01  Hydralisk  
  139  8:02  Hydralisk x5  
  149  8:07  Zergling x12  
  149  8:11  Overlord  
  155  8:14  Baneling x3  
  155  8:15  Baneling x3  
  155  8:18  Hydralisk x3  
  155  8:19  Zergling x6  
  164  8:21  Drone x2  
  164  8:26  Drone  
  167  8:29  Muscular Augments  
  167  8:31  Extractor  
  165  8:38  Zergling x16  
  165  8:41  Baneling x10  
  171  8:44  Hydralisk  
  171  8:45  Zergling x8  
  177  8:51  Hatchery  
  177  8:52  Baneling x2  
  177  8:53  Baneling x4  
  177  8:54  Zergling x2  
  177  8:55  Zergling x8  
  181  8:57  Overlord  
  181  8:59  Hydralisk  
  181  9:00  Zergling x2  
  178  9:07  Drone x2  
  178  9:08  Drone  
  172  9:14  Zergling x22  
  177  9:20  Zergling x8  
  177  9:22  Pneumatized Carapace  
  181  9:28  Baneling x3  
  181  9:30  Hydralisk x3  
  188  9:31  Zergling x8  
  188  9:36  Baneling x8  
  189  9:43  Zergling x10  
  189  9:44  Zergling x2  
  189  9:45  Overlord  
  189  9:49  Baneling x3  
  189  9:50  Baneling x12  
  189  9:53  Zergling x8  
  181  10:07  Zergling x24  
  181  10:11  Zergling x8  
  181  10:12  Baneling x4  
  197  10:16  Overlord  
Tags
 
Add a new tag
Caveats
  • Supply blocks, unpowered buildings, or Contaminate may cause inaccurate times.
  • Supply counts are checked every 10 seconds.